 Dungeon Crawl Stone Soup version 0.20.1-4-g4af34eaf8e (webtiles) character file.

65 Alfie the Shooter (level 3, -1/30 HPs)
             Began as a Minotaur Hunter on Mar 12, 2020.
             Slain by Grinder (2 damage)
             ... on level 3 of the Dungeon.
             The game lasted 00:04:36 (1720 turns).

Alfie the Shooter (Minotaur Hunter)                 Turns: 1720, Time: 00:04:36

Health: -1/30      AC:  3    Str: 17    XL:     3   Next: 92%
Magic:  2/2        EV: 12    Int:  8    God:
Gold:   149        SH:  0    Dex: 10    Spells: 2/2 levels left

rFire    . . .     SeeInvis .   a - +1 shortbow
rCold    . . .     Gourm    .   (shield currently unavailable)
rNeg     . . .     Faith    .   c - +0 leather armour
rPois    .         Spirit   .   (helmet restricted)
rElec    .         Reflect  .   (no cloak)
rCorr    .         Harm     .   (no gloves)
MR       .....                  (no boots)
Stlth    +.........             (no amulet)
Regen    0.1/turn               (no ring)
MPRegen  0.1/turn               (no ring)

@: no status effects
A: retaliatory headbutt, horns 2
a: no special abilities


You were on level 3 of the Dungeon.
You were not hungry.

You visited 1 branch of the dungeon, and saw 3 of its levels.

You collected 149 gold pieces.

Inventory:

Hand Weapons
 a - a +1 shortbow (weapon)
 b - a +0 short sword
Missiles
 d - 5 arrows (quivered)
Armour
 c - a +0 leather armour (worn)
Wands
 j - a wand of polymorph (14/24)
Scrolls
 e - 4 scrolls of identify
 h - a scroll of amnesia {unknown}
 m - a scroll of remove curse
Potions
 n - a potion of curing {unknown}
Comestibles
 f - 2 bread rations
 g - a meat ration


   Skills:
 + Level 2.9 Fighting
 + Level 0.4 Short Blades
 + Level 5.5 Bows
 + Level 0.2 Armour
 + Level 2.4 Dodging
 + Level 1.0 Stealth


You had 2 spell levels left.
You didn't know any spells.

Dungeon Overview and Level Annotations

Branches:
Dungeon (3/15)

Altars:
Qazlal

Annotations:
D:3 Grinder


Innate Abilities, Weirdness & Mutations

You reflexively headbutt those who attack you in melee.
You have a pair of horns on your head.


Message History

Aim: Grinder (moderately wounded)
You shoot an arrow. The arrow hits Grinder.
Grinder is heavily wounded.
Really attack while wielding your +1 shortbow? [Y]es or [N]o only, please.
Really attack while wielding your +1 shortbow? [Y]es or [N]o only, please.
Really attack while wielding your +1 shortbow? [Y]es or [N]o only, please.
Really attack while wielding your +1 shortbow? [Y]es or [N]o only, please.
Really attack while wielding your +1 shortbow?
Okay, then.
Firing (i - inventory):
d - 6 arrows (quivered)
Press: ? - help, Shift-Dir - straight line, f/p - Grinder
Aim: Grinder (heavily wounded)
You shoot an arrow. The arrow completely misses Grinder.
Grinder hits you!
* * * LOW HITPOINT WARNING * * *
You writhe in agony.
You die...

#..,,,,,* *>* *
#.#***,,* *,* * #.#
*,,* *,* * #.#
*,,****,******## #.#
*,,,,,,,,,,,,,.. #.#
**,****,*****##.
#.####*,# *,,,,,,,..
###....##.#######****#.
#(((.5@........,..,* #.
#.####.######.####.###<
#.# #.#*****,,........
#.# #.#*,,,,,,....##..
#.# #.##.#****##***#..
#.# #.##.# ##† #.#
#.##.# #. #.# #.##.# #.
#.# #.##.############.


You could see Grinder.

Vanquished Creatures
  An adder (D:3)
  An ooze (D:1)
  2 worms
  2 dart slugs (D:1)
  A leopard gecko (D:2)
  6 giant cockroaches
  2 goblins
  4 hobgoblins
  4 jackals (D:1)
  7 kobolds
  2 quokkas
  3 bats
  2 frilled lizards (D:1)
  A rat (D:3)
38 creatures vanquished.

Notes
Turn   | Place    | Note
-------+----------+-------------------------------------------
     0 | D:1      | Alfie the Minotaur Hunter began the quest for the Orb.
     0 | D:1      | Reached XP level 1. HP: 18/18 MP: 0/0
   130 | D:1      | Reached XP level 2. HP: 25/25 MP: 1/1
   268 | D:1      | Reached skill level 5 in Bows
   643 | D:1      | Reached XP level 3. HP: 30/30 MP: 2/2
   994 | D:2      | Found a stormy altar of Qazlal.
   994 | D:2      | Noticed an earth elemental
   998 | D:2      | Noticed an air elemental
   998 | D:2      | Noticed a fire elemental
   998 | D:2      | Noticed a water elemental
  1613 | D:3      | Reached skill level 1 in Stealth
  1698 | D:3      | Noticed Grinder
  1720 | D:3      | HP: 1/30 [Grinder (9)]
  1720 | D:3      | Slain by Grinder

Skill      XL: |  1  2  3 |
---------------+----------+-----
Bows           | 5 |  5.5
Stealth        | 1 |  1.0
Fighting       | |  2.9
Short Blades   | |  0.4
Armour         | |  0.2
Dodging        | |  2.4

Action                   || total
-------------------------++-------
Melee: Short sword       ||    15
       Headbutt          ||     3
 Fire: Shortbow          ||   112
  Use: Scroll            ||     7
  Eat: Bread ration      ||     1
Armor: Leather armour    ||    12
Dodge: Dodged            ||    27
